[Event "ICC tourney 2411 (45 10)"]
[Site "Internet Chess Club"]
[Date "2021.02.27"]
[Round "4"]
[White "SAPRU, AGASTYA:auggie29"]
[Black "Sathu, Aarnav:aarnavsathu"]
[Result "1-0"]
[ICCResult "Black resigns"]
[WhiteElo "1306"]
[BlackElo "1055"]
[Opening "Queen's bishop game"]
[ECO "D00"]
[NIC "QP.08"]
[Time "18:31:15"]
[PlyCount "81"]
[TimeControl "2700+10"]

1. d4 d5 2. Bf4 Nf6 3. Nf3 e6 4. e3 c5 5. c3 Nc6 6. Bd3 Qb6 7. Qc1 Be7 8.
Nbd2 Bd7 9. Rb1 c4 10. Bc2 Qa6 11. a3 b5 12. Qd1 Qb7 13. e4 O-O 14. e5 Ne8
15. g4 f6 16. h4 fxe5 17. Bxe5 Nxe5 18. Nxe5 Bf6 19. f4 Bxe5 20. fxe5 g6
21. h5 g5 22. h6 Bc8 23. Qe2 Qe7 24. Nf3 Bd7 25. Qe3 Rf4 26. Kd2 Nc7 27.
Rh5 Kh8 28. Rg1 Raf8 29. Rg3 Be8 30. Rh2 Qf7 31. Ke2 Qe7 32. Rf2 a6 33. Rg1
Bd7 34. Rgf1 Rxf3 35. Rxf3 Rxf3 36. Qxf3 Kg8 37. Qf6 Qxf6 38. exf6 Be8 39.
Bxh7+ Kxh7 40. f7 Bxf7 41. Rxf7+ { Black resigns } 1-0

[Event "ICC tourney 2411 (45 10)"]
[Site "Internet Chess Club"]
[Date "2021.02.27"]
[Round "4"]
[White "MILLER, KENNETH LOREN:boxingguy2469x"]
[Black "BUDHABHATTI, SHESH:bshesh131"]
[Result "0-1"]
[ICCResult "White resigns"]
[WhiteElo "1064"]
[BlackElo "1033"]
[Opening "Giuoco Piano"]
[ECO "C54"]
[NIC "IG.02"]
[Time "18:31:19"]
[PlyCount "86"]
[TimeControl "2700+10"]

1. e4 e5 2. Nf3 Nc6 3. Bc4 Bc5 4. c3 Nf6 5. d4 exd4 6. cxd4 Nxe4 7. dxc5
Nxc5 8. Ng5 Ne6 9. Nxe6 dxe6 10. Qg4 Qd4 11. Qxd4 Nxd4 12. Bd3 e5 13. O-O
Bf5 14. Bxf5 Nxf5 15. Re1 f6 16. Be3 Kf7 17. Nc3 Rhd8 18. Nb5 c6 19. Nc3
Nd4 20. Bxd4 exd4 21. Ne4 b6 22. Rad1 Rac8 23. Ng3 c5 24. Re2 d3 25. Red2
c4 26. Ne4 b5 27. Nc3 b4 28. Na4 c3 29. bxc3 bxc3 30. Nxc3 Rxc3 31. Rb1 Rd7
32. g4 Rc2 33. Rbd1 Rxd2 34. Rxd2 Ke6 35. f4 h5 36. h3 hxg4 37. hxg4 Rd4
38. Kh2 Kd5 39. Kg3 Kc4 40. Kf3 Kc3 41. Ke3 Re4+ 42. Kxe4 Kxd2 43. Kd4 Ke2
{ White resigns } 0-1

[Event "ICC tourney 2411 (45 10)"]
[Site "Internet Chess Club"]
[Date "2021.02.27"]
[Round "4"]
[White "BAREKET, NIMROD:nb12"]
[Black "PRABHU, VARUN:varunprabhu"]
[Result "1-0"]
[ICCResult "Black checkmated"]
[WhiteElo "1212"]
[BlackElo "725"]
[Opening "Scotch gambit"]
[ECO "C44"]
[NIC "SO.06"]
[Time "18:31:14"]
[PlyCount "57"]
[TimeControl "2700+10"]

1. e4 e5 2. Nf3 Nc6 3. d4 exd4 4. Bc4 h6 5. Nxd4 Nxd4 6. Qxd4 Qh4 7. Be3
Qe7 8. Nc3 d6 9. O-O-O Nf6 10. Bf4 g5 11. Bg3 h5 12. e5 dxe5 13. Bxe5 c5
14. Qd3 Bg7 15. Rhe1 O-O 16. Bd6 Qd7 17. Bxf8 Qxd3 18. Rxd3 Bxf8 19. Rd8 a6
20. Nd5 Nxd5 21. Bxd5 Kg7 22. Ree8 Bf5 23. Rxa8 Bd6 24. g3 Bd7 25. Red8 Bc7
26. Rxd7 Ba5 27. Rxb7 Be1 28. Rxf7+ Kg6 29. Rxa6# { Black checkmated } 1-0

[Event "ICC tourney 2411 (45 10)"]
[Site "Internet Chess Club"]
[Date "2021.02.27"]
[Round "4"]
[White "GRULICH, JOSHUA EDWARD:JoshuaGrulich"]
[Black "SARAVANAN, ARYA:aryasaravanan"]
[Result "0-1"]
[ICCResult "White resigns"]
[WhiteElo "1026"]
[BlackElo "1214"]
[Opening "Sicilian: Alapin's variation (2.c3)"]
[ECO "B22"]
[NIC "SI.46"]
[Time "18:31:17"]
[PlyCount "77"]
[TimeControl "2700+10"]

1. e4 c5 2. c3 d5 3. Bb5+ Nc6 4. exd5 Qxd5 5. Nf3 Bg4 6. Be2 e5 7. h3 Bh5
8. c4 Qd6 9. Nc3 Bg6 10. Nb5 Qd7 11. d3 a6 12. Nc3 Bd6 13. Nd5 Bc7 14. O-O
Nge7 15. Nxc7+ Qxc7 16. Re1 O-O 17. Be3 b6 18. Nh4 Rad8 19. Nxg6 Nxg6 20.
Qc2 Nb4 21. Qb3 Nf4 22. Rad1 Nxe2+ 23. Rxe2 f5 24. a3 Nc6 25. f3 Rfe8 26.
Kf1 Nd4 27. Bxd4 Rxd4 28. Qa4 b5 29. Qxa6 bxc4 30. Qa4 Red8 31. Red2 e4 32.
Qc2 cxd3 33. Qc3 Qg3 34. Qxc5 e3 35. Qe7 e2+ 36. Rxe2 dxe2+ 37. Kxe2 Rxd1
38. Qe6+ Kh8 39. Qxf5 { White resigns } 0-1

[Event "ICC tourney 2411 (45 10)"]
[Site "Internet Chess Club"]
[Date "2021.02.27"]
[Round "4"]
[White "LA BRECHE, NATHANAEL JOHN:aWildNateDawg"]
[Black "LLANOS, ALEXANDER ADEE:alexanderllanos"]
[Result "1-0"]
[ICCResult "Black resigns"]
[WhiteElo "1165"]
[BlackElo "992"]
[Opening "Caro-Kann defense"]
[ECO "B10"]
[NIC "CK.01"]
[Time "18:31:32"]
[PlyCount "153"]
[TimeControl "2700+10"]

1. e4 c6 2. Nf3 d5 3. exd5 cxd5 4. d4 Bg4 5. Be2 e6 6. O-O Bxf3 7. Bxf3 Nc6
8. c3 Be7 9. Bf4 Nf6 10. Qb3 Qd7 11. Nd2 O-O 12. Rfe1 Ne8 13. Qc2 Rc8 14.
Qd3 Bd6 15. Bxd6 Nxd6 16. Bd1 Ne7 17. Bc2 f5 18. Nf3 Nf7 19. Qe2 Nd8 20.
Ne5 Qe8 21. Qf3 Ng6 22. Re2 Nxe5 23. Rxe5 Qf7 24. Rae1 Rc7 25. Bb3 Rc6 26.
Qf4 Qg6 27. R5e3 Rf6 28. Qb8 Rf8 29. Qxa7 f4 30. Rf3 Qg4 31. Bd1 Qf5 32.
Qa4 Qb1 33. Qc2 Qxa2 34. Rh3 g6 35. Bg4 Kg7 36. Rd3 Qa5 37. Rdd1 Qc7 38.
Re5 Re8 39. Rde1 Nf7 40. Rxe6 Rexe6 41. Rxe6 Rxe6 42. Bxe6 Qe7 43. Qe2 Ng5
44. Qe5+ Kh6 45. Bxd5 Qd7 46. h4 Nf7 47. Qe6 Qxe6 48. Bxe6 Nd6 49. c4 b6
50. c5 bxc5 51. dxc5 Ne8 52. c6 Nc7 53. Bc4 Kg7 54. b4 Kf8 55. b5 Ke7 56.
b6 Kd6 57. bxc7 Kxc7 58. Bg8 h6 59. Bd5 g5 60. hxg5 hxg5 61. Kh2 g4 62. g3
f3 63. Be6 Kxc6 64. Bxg4 Kd6 65. Bxf3 Ke5 66. Kh3 Kf5 67. Kh4 Kg6 68. Bd5
Kh6 69. Be4 Kg7 70. Kg5 Kh8 71. f4 Kg7 72. f5 Kf7 73. g4 Kg7 74. f6+ Kf7
75. Bd5+ Ke8 76. Kg6 Kf8 77. Bc4 { Black resigns } 1-0

[Event "ICC tourney 2411 (45 10)"]
[Site "Internet Chess Club"]
[Date "2021.02.27"]
[Round "5"]
[White "Singh, Saharsh:saharshsingh02"]
[Black "RIZZO, THOMAS:twrchess"]
[Result "1-0"]
[ICCResult "Black resigns"]
[WhiteElo "914"]
[BlackElo "1378"]
[Opening "French defense"]
[ECO "C00"]
[NIC "FR.01"]
[Time "21:01:18"]
[PlyCount "27"]
[TimeControl "2700+10"]

1. e4 e6 2. Nf3 d5 3. e5 c5 4. Be2 Nc6 5. O-O Qc7 6. d4 cxd4 7. Nxd4 Qxe5
8. Nxc6 bxc6 9. Nc3 Nf6 10. Re1 Bd6 11. g3 Bc5 12. Bb5 cxb5 13. Rxe5 a6 14.
Nxd5 { Black resigns } 1-0

[Event "ICC tourney 2411 (45 10)"]
[Site "Internet Chess Club"]
[Date "2021.02.27"]
[Round "5"]
[White "YADHUNANDAN, ADIDEV:Yadhunandan"]
[Black "HAN, DANIEL YUHAO:DanielHan"]
[Result "1-0"]
[ICCResult "Black checkmated"]
[WhiteElo "796"]
[BlackElo "598"]
[Opening "Grünfeld defense"]
[ECO "D80"]
[NIC "GI.03"]
[Time "21:01:38"]
[PlyCount "71"]
[TimeControl "2700+10"]

1. d4 Nf6 2. c4 g6 3. Nc3 d5 4. e3 Nc6 5. Bd3 dxc4 6. Bxc4 Bg7 7. Nf3 O-O
8. Ne5 Nxe5 9. dxe5 Qxd1+ 10. Nxd1 Ne4 11. O-O Bxe5 12. f4 Bg7 13. Bd5 Nf6
14. Nc3 Rb8 15. Rd1 Bg4 16. Bf3 Bxf3 17. gxf3 c6 18. e4 Rbd8 19. Rxd8 Rxd8
20. Be3 a6 21. f5 gxf5 22. exf5 Nd5 23. Nxd5 Rxd5 24. b4 Rxf5 25. Kg2 Rg5+
26. Bxg5 f6 27. Be3 b5 28. Rd1 Kf7 29. Rd7 Ke6 30. Ra7 Kd5 31. Rxa6 c5 32.
bxc5 Kc4 33. c6 f5 34. c7 b4 35. c8=Q+ Kb5 36. Qc6# { Black checkmated }
1-0

[Event "ICC tourney 2411 (45 10)"]
[Site "Internet Chess Club"]
[Date "2021.02.27"]
[Round "5"]
[White "STALEY, TIMOTHY:PirateKing"]
[Black "AHN, WILLIAM TK:kitook"]
[Result "0-1"]
[ICCResult "White checkmated"]
[WhiteElo "922"]
[BlackElo "659"]
[Opening "Queen's pawn, Mason variation, Steinitz counter-gambit"]
[ECO "D00"]
[NIC "QP.08"]
[Time "21:01:23"]
[PlyCount "84"]
[TimeControl "2700+10"]

1. d4 d5 2. Bf4 c5 3. e3 Nf6 4. Bd3 Nc6 5. c3 Qb6 6. b3 Bd7 7. dxc5 Qxc5 8.
Nf3 e6 9. O-O Bd6 10. Bxd6 Qxd6 11. Qe2 e5 12. Bb5 e4 13. Nd4 Nxd4 14.
Bxd7+ Qxd7 15. cxd4 O-O 16. Nc3 Rac8 17. Nb5 a6 18. Na3 b5 19. b4 Rc3 20.
Nc2 Rfc8 21. Rac1 Qc7 22. Qd2 Rxc2 23. Rxc2 Qxc2 24. Qxc2 Rxc2 25. h3 Rxa2
26. Rc1 h6 27. Rc8+ Kh7 28. Rc7 Kg6 29. g4 Rb2 30. Ra7 Rxb4 31. Rxa6 Rb1+
32. Kg2 b4 33. Ra2 b3 34. Rd2 b2 35. Rc2 Rg1+ 36. Kxg1 b1=Q+ 37. Kg2 Qxc2
38. Kg3 h5 39. gxh5+ Nxh5+ 40. Kg4 Qxf2 41. h4 f5+ 42. Kh3 Qg3# { White
checkmated } 0-1

[Event "ICC tourney 2411 (45 10)"]
[Site "Internet Chess Club"]
[Date "2021.02.27"]
[Round "5"]
[White "RALLS, GREG:GRPianoman"]
[Black "Sofer, Daniel:DanielSofer"]
[Result "0-1"]
[ICCResult "White resigns"]
[WhiteElo "987"]
[BlackElo "987"]
[Opening "Réti: Nimzovich-Larsen attack"]
[ECO "A06"]
[NIC "QP.09"]
[Time "21:01:18"]
[PlyCount "48"]
[TimeControl "2700+10"]

1. Nf3 d5 2. b3 Nc6 3. Bb2 Bf5 4. d3 e6 5. g3 Bd6 6. Bg2 Qd7 7. O-O O-O-O
8. Nbd2 e5 9. e4 dxe4 10. dxe4 Bg6 11. Re1 Nf6 12. Nc4 Bb4 13. c3 Qxd1 14.
Raxd1 Bd6 15. Ng5 h6 16. Nxd6+ cxd6 17. Nf3 Bxe4 18. c4 Bxf3 19. Bxf3 g5
20. g4 h5 21. gxh5 Nxh5 22. Bg4+ Kc7 23. Rd5 Nf6 24. Rdd1 Nxg4 { White
resigns } 0-1

[Event "ICC tourney 2411 (45 10)"]
[Site "Internet Chess Club"]
[Date "2021.02.27"]
[Round "5"]
[White "LLANOS, ALEXANDER ADEE:alexanderllanos"]
[Black "WU, SEAN HAN:dum2020arEEEWS"]
[Result "1-0"]
[ICCResult "Black checkmated"]
[WhiteElo "992"]
[BlackElo "907"]
[Opening "Queen's pawn: London system"]
[ECO "A45"]
[NIC "QP.07"]
[Time "21:01:17"]
[PlyCount "63"]
[TimeControl "2700+10"]

1. d4 Nf6 2. Bf4 d5 3. e3 Bf5 4. Nf3 Nbd7 5. Bd3 Bxd3 6. Qxd3 e6 7. O-O Be7
8. c4 c6 9. cxd5 cxd5 10. Nbd2 O-O 11. Ne5 Nxe5 12. Bxe5 Bd6 13. Nf3 Bxe5
14. Nxe5 Nd7 15. Nf3 Qb6 16. b3 Rac8 17. Rfc1 Rc6 18. Rc2 Rfc8 19. Rac1
Rxc2 20. Rxc2 Rc6 21. h3 Qc7 22. Rxc6 Qxc6 23. Qd2 h6 24. Qb2 b5 25. Qa3 a6
26. Qe7 f6 27. Qe8+ Kh7 28. Nh4 Qc1+ 29. Kh2 Qc7+ 30. g3 g5 31. Qf7+ Kh8
32. Ng6# { Black checkmated } 1-0

[Event "ICC tourney 2411 (45 10)"]
[Site "Internet Chess Club"]
[Date "2021.02.27"]
[Round "5"]
[White "MORE, NIKUNJ:Nikunjmore"]
[Black "RAMKUMAR, NIKHIL:nikhilramkumar"]
[Result "0-1"]
[ICCResult "White checkmated"]
[WhiteElo "774"]
[BlackElo "583"]
[Opening "Scotch opening"]
[ECO "C44"]
[NIC "KP.10"]
[Time "21:03:08"]
[PlyCount "100"]
[TimeControl "2700+10"]

1. e4 e5 2. Nf3 Nc6 3. d4 Bb4+ 4. c3 Bd6 5. d5 Nce7 6. Be3 Nf6 7. Bd3 O-O
8. O-O c5 9. c4 b6 10. Nc3 Bb7 11. Qd2 a6 12. a3 Ng6 13. b4 cxb4 14. axb4
Bxb4 15. Rfb1 Bxc3 16. Qxc3 d6 17. Bxb6 Qd7 18. c5 dxc5 19. Bxc5 Rfe8 20.
Be3 Rac8 21. Qd2 h6 22. Bxa6 Bxa6 23. Rxa6 Nxe4 24. Qd3 Nc3 25. Rc1 e4 26.
Qd2 exf3 27. Rxc3 Rxc3 28. Qxc3 fxg2 29. Kxg2 Qg4+ 30. Kf1 Qh3+ 31. Ke1 Nf4
32. d6 Nd5 33. Qd4 Nxe3 34. fxe3 Qxh2 35. d7 Qh1+ 36. Kd2 Rd8 37. e4 Qh2+
38. Kd3 Qg3+ 39. Kc4 Qc7+ 40. Kd5 Rxd7+ 41. Rd6 Rxd6+ 42. Ke5 Qe7+ 43. Kf4
g5+ 44. Kg4 Qe6+ 45. Kf3 Qh3+ 46. Ke2 Rxd4 47. Ke1 Qe3+ 48. Kf1 Rd1+ 49.
Kg2 Rg1+ 50. Kh2 Qg3# { White checkmated } 0-1

[Event "ICC tourney 2411 (45 10)"]
[Site "Internet Chess Club"]
[Date "2021.02.27"]
[Round "5"]
[White "KRISHNAN, ASHVATH:ashvathk5"]
[Black "SAPRU, AGASTYA:auggie29"]
[Result "1/2-1/2"]
[ICCResult "Black stalemated"]
[WhiteElo "1177"]
[BlackElo "1306"]
[Opening "Sicilian: Taimanov variation"]
[ECO "B45"]
[NIC "SI.39"]
[Time "21:01:18"]
[PlyCount "131"]
[TimeControl "2700+10"]

1. e4 c5 2. Nf3 Nc6 3. d4 cxd4 4. Nxd4 e6 5. Nc3 Bc5 6. Nb3 Bb6 7. f3 Nf6
8. Bf4 d5 9. exd5 Nxd5 10. Nxd5 Qxd5 11. Qxd5 exd5 12. Bd3 Be6 13. O-O-O
O-O-O 14. Rhe1 h6 15. h3 Rhe8 16. Bb5 a6 17. Bxc6 bxc6 18. Nd4 Kb7 19. Nxe6
fxe6 20. Re2 Rd7 21. Rde1 Rde7 22. Bd6 Rd7 23. Rxe6 Rxe6 24. Rxe6 Bc7 25.
Bxc7 Kxc7 26. Rg6 Rf7 27. Kd2 Kb6 28. b3 Kc5 29. c3 Rc7 30. Kd3 Kb5 31. a4+
Kc5 32. b4+ Kb6 33. Kd4 Re7 34. c4 dxc4 35. Kxc4 Rc7 36. b5 axb5+ 37. axb5
Kb7 38. bxc6+ Rxc6+ 39. Rxc6 Kxc6 40. Kd4 Kd6 41. Ke4 Ke6 42. Kf4 Kf6 43.
Kg4 Kg6 44. Kh4 Kf5 45. Kg3 g6 46. f4 g5 47. fxg5 Kxg5 48. h4+ Kf5 49. Kh3
h5 50. Kg3 Ke4 51. Kh3 Kf4 52. Kh2 Kg4 53. g3 Kf5 54. Kg2 Kg4 55. Kf2 Kf5
56. Kf3 Ke5 57. g4 hxg4+ 58. Kxg4 Kf6 59. Kf4 Kg6 60. Kg4 Kh6 61. h5 Kh7
62. Kg5 Kg7 63. h6+ Kh7 64. Kh5 Kg8 65. Kg6 Kh8 66. h7 { Black stalemated }
1/2-1/2

[Event "ICC tourney 2411 (45 10)"]
[Site "Internet Chess Club"]
[Date "2021.02.27"]
[Round "5"]
[White "Hu, Ruyi:Ruyi"]
[Black "EKSTROM, ROLAND GABRIEL:EkstromVT2"]
[Result "1-0"]
[ICCResult "Black checkmated"]
[WhiteElo "357"]
[BlackElo "851"]
[Opening "French defense"]
[ECO "C00"]
[NIC "FR.01"]
[Time "21:01:19"]
[PlyCount "55"]
[TimeControl "2700+10"]

1. e4 e6 2. Nf3 d5 3. e5 c5 4. Be2 Nc6 5. Bb5 Qb6 6. Bxc6+ bxc6 7. O-O Ne7
8. c3 g6 9. d4 Bg7 10. Be3 Qxb2 11. Nbd2 cxd4 12. cxd4 Qb6 13. Nb3 O-O 14.
Nc5 Nf5 15. h3 Nxe3 16. fxe3 Bh6 17. Qd2 a5 18. Kh1 Rd8 19. Rab1 Qc7 20.
Rfe1 Ba6 21. Qf2 Bc4 22. e4 dxe4 23. Rxe4 Bd5 24. Ree1 Bxf3 25. Qxf3 Rxd4
26. Rb7 Qc8 27. Qxf7+ Kh8 28. Qxh7# { Black checkmated } 1-0

[Event "ICC tourney 2411 (45 10)"]
[Site "Internet Chess Club"]
[Date "2021.02.27"]
[Round "5"]
[White "Traynor, Zach:ztraynor"]
[Black "BUDHABHATTI, SHESH:bshesh131"]
[Result "0-1"]
[ICCResult "White checkmated"]
[WhiteElo "1209"]
[BlackElo "1033"]
[Opening "Queen's pawn game, Chigorin variation"]
[ECO "D02"]
[NIC "QP.09"]
[Time "21:01:17"]
[PlyCount "82"]
[TimeControl "2700+10"]

1. Nf3 d5 2. d4 Nc6 3. Bf4 Bf5 4. e3 e6 5. Bd3 Bxd3 6. Qxd3 Bd6 7. Bg3 Nf6
8. Nbd2 O-O 9. Ne5 Bxe5 10. dxe5 Nd7 11. f4 f6 12. Nf3 fxe5 13. fxe5 Nc5
14. Qb5 Ne4 15. Qxb7 Qe8 16. Qxc7 Rf7 17. Qxf7+ Qxf7 18. O-O Rb8 19. Nd4
Qe8 20. b3 Nxg3 21. hxg3 Nxe5 22. Rf4 Qg6 23. Ne2 Qxc2 24. Raf1 Qxe2 25. a4
Qxe3+ 26. Kh2 g5 27. Rf6 Ng4+ 28. Kh3 Nxf6 29. Rxf6 Rxb3 30. Rf3 g4+ 31.
Kxg4 Rb4+ 32. Rf4 Rxf4+ 33. gxf4 d4 34. a5 d3 35. f5 d2 36. Kh4 exf5 37. a6
d1=R 38. g4 fxg4 39. Kxg4 Rf1 40. Kh5 Qg3 41. Kh6 Rh1# { White checkmated }
0-1

[Event "ICC tourney 2411 (45 10)"]
[Site "Internet Chess Club"]
[Date "2021.02.27"]
[Round "5"]
[White "SURIYAPRAKASH, SHRUTI:shrutisuriya"]
[Black "HUA, OLIVER:oxdidi"]
[Result "0-1"]
[ICCResult "White checkmated"]
[WhiteElo "898"]
[BlackElo "993"]
[Opening "Konstantinopolsky opening"]
[ECO "C44"]
[NIC "KP.10"]
[Time "21:01:55"]
[PlyCount "86"]
[TimeControl "2700+10"]

1. e4 e5 2. Nf3 Nc6 3. g3 Nf6 4. Nc3 Bc5 5. Bg2 O-O 6. O-O d6 7. d3 Bg4 8.
Bg5 h6 9. Be3 Bb6 10. d4 exd4 11. Nxd4 Bxd1 12. Nxc6 bxc6 13. Rfxd1 Bxe3
14. fxe3 Qe7 15. Rd3 Rab8 16. Rb1 c5 17. b3 c4 18. Rd4 cxb3 19. cxb3 c5 20.
Rdd1 Rfd8 21. Bf3 d5 22. Nxd5 Nxd5 23. exd5 Qxe3+ 24. Kg2 Qe7 25. a3 c4 26.
bxc4 Rxb1 27. Rxb1 Qxa3 28. Re1 Qa2+ 29. Re2 Qxc4 30. Re7 Qa2+ 31. Re2 Qa6
32. Re7 Qa3 33. Re2 a5 34. Rd2 Qc3 35. Ra2 Qb3 36. Rxa5 Qb2+ 37. Kh3 Qc3
38. Ra6 Qxf3 39. Ra5 Rxd5 40. Rxd5 Qxd5 41. Kh4 g5+ 42. Kh3 h5 43. g4 Qf3#
{ White checkmated } 0-1

[Event "ICC tourney 2411 (45 10)"]
[Site "Internet Chess Club"]
[Date "2021.02.27"]
[Round "5"]
[White "procopio, Patti:prostripe"]
[Black "MILLER, KENNETH LOREN:boxingguy2469x"]
[Result "0-1"]
[ICCResult "White resigns"]
[WhiteElo "1246"]
[BlackElo "1064"]
[Opening "Queen's Indian: 4.Nc3"]
[ECO "E12"]
[NIC "QP.07"]
[Time "21:01:18"]
[PlyCount "72"]
[TimeControl "2700+10"]

1. d4 Nf6 2. c4 e6 3. Nc3 b6 4. Nf3 Bb7 5. Bg5 Be7 6. e3 d5 7. Bd3 c5 8.
Ne5 cxd4 9. Qa4+ Nbd7 10. Nxd7 Nxd7 11. Bxe7 Qxe7 12. exd4 O-O 13. O-O dxc4
14. Qxc4 Rac8 15. Qb5 Bc6 16. Qh5 Nf6 17. Qe2 Rcd8 18. Qe3 Ng4 19. Qf4 Nf6
20. Rad1 Qb4 21. Qd2 Qd6 22. h3 Nd5 23. Nxd5 Qxd5 24. Bxh7+ Kxh7 25. Qd3+
Kg8 26. Qg3 Qxa2 27. Qc7 Qd5 28. f3 Rd7 29. Qf4 Qd6 30. Qh4 Rfd8 31. Rfe1
Qb4 32. Re5 Rxd4 33. Rxd4 Rxd4 34. Qg5 f6 35. Qg4 Rxg4 36. hxg4 fxe5 {
White resigns } 0-1

[Event "ICC tourney 2411 (45 10)"]
[Site "Internet Chess Club"]
[Date "2021.02.27"]
[Round "5"]
[White "TORRALVA, ANTHONY:chesslife06"]
[Black "VALIVETI, SRIRAMSIMHA:svaliveti"]
[Result "1-0"]
[ICCResult "Black checkmated"]
[WhiteElo "1138"]
[BlackElo "453"]
[Opening "QGD: semi-Slav, Marshall gambit"]
[ECO "D10"]
[NIC "SL.06"]
[Time "21:01:18"]
[PlyCount "137"]
[TimeControl "2700+10"]

1. d4 d5 2. c4 c6 3. Nc3 e6 4. e4 Bb4 5. a3 Bxc3+ 6. bxc3 Ne7 7. exd5 exd5
8. cxd5 cxd5 9. Bb5+ Nbc6 10. Nf3 O-O 11. Ng5 Ng6 12. Qh5 h6 13. Bd3 Qf6
14. f4 Bf5 15. Nh7 Kxh7 16. Bxf5 Kg8 17. Bxg6 fxg6 18. Qxd5+ Qf7 19. Qxf7+
Rxf7 20. O-O Raf8 21. Be3 Na5 22. Rf3 Nc4 23. Bc1 g5 24. g3 g4 25. Rf2 h5
26. Kg2 g5 27. h3 gxh3+ 28. Kxh3 b6 29. g4 h4 30. f5 Rg7 31. Bxg5 Rxg5 32.
Kxh4 Rg7 33. f6 Rg6 34. Raf1 Kf7 35. g5 Rh8+ 36. Kg4 Ne3+ 37. Kf4 Nxf1 38.
Rxf1 Rh5 39. Rg1 Rh3 40. d5 Rd3 41. Ke5 Rxc3 42. d6 Rd3 43. Rg4 a5 44. a4
Rd1 45. Rg3 Rd2 46. Rg4 Rd1 47. Rg3 Ra1 48. Rg4 Re1+ 49. Kd5 Rd1+ 50. Kc6
Rd2 51. d7 Rc2+ 52. Kd6 Rd2+ 53. Kc7 Rd5 54. d8=Q Rxd8 55. Kxd8 Ke6 56. Ke8
Kf5 57. f7 Re6+ 58. Kd7 Re5 59. f8=Q+ Kxg4 60. Qf6 Rxg5 61. Qd4+ Kh5 62.
Qh8+ Kg4 63. Ke6 b5 64. Qd4+ Kh5 65. Kf6 bxa4 66. Qe3 Rg4 67. Qh3+ Rh4 68.
Qf5+ Kh6 69. Qg6# { Black checkmated } 1-0

[Event "ICC tourney 2411 (45 10)"]
[Site "Internet Chess Club"]
[Date "2021.02.27"]
[Round "5"]
[White "SARAVANAN, ARYA:aryasaravanan"]
[Black "GILILLAND, JESSE:ThirstyMonster"]
[Result "0-1"]
[ICCResult "White checkmated"]
[WhiteElo "1214"]
[BlackElo "1283"]
[Opening "Sicilian, Szén (`anti-Taimanov') variation"]
[ECO "B44"]
[NIC "SI.39"]
[Time "21:01:18"]
[PlyCount "90"]
[TimeControl "2700+10"]

1. e4 c5 2. Nf3 e6 3. d4 cxd4 4. Nxd4 Nc6 5. Nb5 d6 6. c4 a6 7. N5a3 Nf6 8.
Nc3 Be7 9. Be2 O-O 10. Nc2 b6 11. Be3 Bb7 12. O-O Qc7 13. f3 Rfd8 14. a3
Nd7 15. b4 Nce5 16. Bf4 Nxc4 17. Bxc4 Qxc4 18. Ne2 e5 19. Bg3 Qe6 20. Ne3
Rac8 21. Qd2 b5 22. Bf2 Bg5 23. Rfd1 Nb6 24. h4 Nc4 25. Qd3 Bxe3 26. Bxe3
Nb2 27. Qd2 Nxd1 28. Rxd1 d5 29. Ng3 d4 30. Bf2 Qc4 31. Nf5 Qe6 32. Qg5 Qf6
33. Qg4 g6 34. h5 g5 35. h6 Kh8 36. f4 Bxe4 37. Ng3 Bc2 38. Rf1 gxf4 39.
Nh5 Qg6 40. Qe2 f6 41. Bh4 Bd3 42. Qa2 Rf8 43. Qe6 Rce8 44. Qd5 Bxf1 45.
Qd7 Qxg2# { White checkmated } 0-1

[Event "ICC tourney 2411 (45 10)"]
[Site "Internet Chess Club"]
[Date "2021.02.27"]
[Round "5"]
[White "Peckham, Duncan:Duncanp123"]
[Black "GRULICH, JOSHUA EDWARD:JoshuaGrulich"]
[Result "1-0"]
[ICCResult "Black resigns"]
[WhiteElo "1327"]
[BlackElo "1026"]
[Opening "French: advance, Milner-Barry gambit"]
[ECO "C02"]
[NIC "FR.03"]
[Time "21:01:25"]
[PlyCount "59"]
[TimeControl "2700+10"]

1. e4 e6 2. d4 d5 3. e5 c5 4. c3 Nc6 5. Nf3 Qb6 6. Bd3 Bd7 7. dxc5 Bxc5 8.
O-O Qc7 9. Qe2 Nge7 10. Bf4 Ng6 11. Bxg6 hxg6 12. Nbd2 O-O-O 13. b4 Bb6 14.
a4 Qb8 15. Rfc1 Bc7 16. b5 Na5 17. c4 dxc4 18. Nxc4 Nxc4 19. Qxc4 Rdf8 20.
Rd1 Kd8 21. Qd3 Qc8 22. Rac1 Ke8 23. Be3 Qd8 24. a5 Bb8 25. Rc2 f5 26. exf6
gxf6 27. Qxg6+ Rf7 28. Rcd2 Kf8 29. Bc5+ Re7 30. Qxf6+ { Black resigns }
1-0

[Event "ICC tourney 2411 (45 10)"]
[Site "Internet Chess Club"]
[Date "2021.02.27"]
[Round "5"]
[White "LA BRECHE, NATHANAEL JOHN:aWildNateDawg"]
[Black "DELABRE, TONY:tdelabre62"]
[Result "1-0"]
[ICCResult "Black resigns"]
[WhiteElo "1165"]
[BlackElo "1229"]
[Opening "Petrov three knights game"]
[ECO "C42"]
[NIC "RG.01"]
[Time "21:02:08"]
[PlyCount "55"]
[TimeControl "2700+10"]

1. e4 e5 2. Nf3 Nf6 3. Nc3 Bb4 4. d3 Nc6 5. Bd2 O-O 6. a3 Bc5 7. h3 d5 8.
exd5 Nxd5 9. Be2 a6 10. O-O f5 11. Nxd5 Qxd5 12. Bc3 b5 13. Nd2 Bb7 14. Bf3
Qd6 15. Re1 Rab8 16. Nb3 Bb6 17. Bb4 Nxb4 18. Bxb7 Nxc2 19. Qxc2 Rxb7 20.
Qe2 Qd5 21. Nd2 Re8 22. Nf3 e4 23. dxe4 Rxe4 24. Qc2 Rxe1+ 25. Rxe1 c6 26.
Re8+ Kf7 27. Re5 Qc4 28. Qxf5+ { Black resigns } 1-0

[Event "ICC tourney 2411 (45 10)"]
[Site "Internet Chess Club"]
[Date "2021.02.27"]
[Round "5"]
[White "PRABHU, VARUN:varunprabhu"]
[Black "DIXIT, RAAJAS KUNAL:raadix028"]
[Result "0-1"]
[ICCResult "White checkmated"]
[WhiteElo "725"]
[BlackElo "935"]
[Opening "French defense"]
[ECO "C00"]
[NIC "FR.01"]
[Time "21:01:21"]
[PlyCount "94"]
[TimeControl "2700+10"]

1. e4 e6 2. Nf3 d5 3. d3 Nf6 4. e5 Nfd7 5. d4 c5 6. c3 Nc6 7. Be3 Qb6 8.
Qd2 cxd4 9. cxd4 Bb4 10. Nc3 Na5 11. Be2 O-O 12. O-O a6 13. Qc2 Qc7 14. Ng5
g6 15. Qd3 Nc4 16. Bc1 b5 17. Qh3 h5 18. Bxh5 Kg7 19. Bxg6 Rh8 20. Bh7 Nf8
21. Qg3 Ng6 22. Bxg6 fxg6 23. Qf4 Rf8 24. Qg4 Rf5 25. Qh4 Kf8 26. Qh8+ Ke7
27. Qh7+ Kd8 28. Nf7+ Qxf7 29. g4 Qxh7 30. gxf5 gxf5 31. Bg5+ Kc7 32. f4
Bb7 33. Rf2 Ne3 34. Rf3 Ng4 35. h3 Bxc3 36. Rxc3+ Bc6 37. hxg4 fxg4 38. Rg3
Rh8 39. Kf2 Qh2+ 40. Rg2 Qh7 41. Rxg4 Qc2+ 42. Kf1 Rh1+ 43. Rg1 Qd3+ 44.
Kf2 Rh2+ 45. Rg2 Qd2+ 46. Kf3 Qxg2+ 47. Ke3 Qe2# { White checkmated } 0-1